 Dungeon Crawl Stone Soup version 0.29-a0-732-g3d7fbe0af2 (webtiles) character file.

Game seed: 9163345594415589039

18256 bande the Cleaver (level 12, -1/75 HPs)
             Began as a Gargoyle Fighter on June 30, 2022.
             Was a High Priest of Okawaru.
             Slain by a death yak (5 damage)
             ... on level 3 of the Lair of Beasts.
             The game lasted 00:29:16 (19932 turns).

bande the Cleaver (Gargoyle Fighter)               Turns: 19932, Time: 00:29:16

Health: -1/75      AC: 29    Str: 21    XL:     12   Next: 56%
Magic:  0/26       EV:  9    Int:  9    God:    Okawaru [*****.]
Gold:   787        SH: 13    Dex: 13    Spells: 11/11 levels left

rFire   . . .      SeeInvis +   y - +3 war axe
rCold   + . .      Faith    .   n - +1 kite shield
rNeg    + . .      Spirit   +   s - +0 chain mail
rPois   ∞          Reflect  .   p - +1 helmet
rElec   +          Harm     .   (no cloak)
rCorr   .          Rampage  .   F - +1 pair of gloves
Will    .....                   G - +0 pair of boots
Stlth   ..........              z - amulet of guardian spirit
HPRegen 0.22/turn               i - ring of magical power
MPRegen 0.20/turn               B - ring of protection from cold

@: heroic
A: sickness immunity, AC +8, negative energy resistance 1, electricity
resistance, torment resistance 1, petrification resistance, see invisible
a: Renounce Religion, Heroism, Finesse, Duel


You were on level 3 of the Lair of Beasts.
You worshipped Okawaru.
Okawaru was extremely pleased with you.
You visited 3 branches of the dungeon, and saw 13 of its levels.

You collected 787 gold pieces.

Inventory:

Hand Weapons
 a - a +1 war axe
 r - a +4 flail of venom
 w - a +2 battleaxe of flaming
 y - a +3 war axe (weapon)
Missiles
 D - a throwing net (quivered)
Armour
 f - a +0 ring mail of cold resistance
 m - the +1 leather armour "Hyf Ydom" {rF+++ rCorr Str+2 Dex-4}
   (You found it on level 2 of the Dungeon)

   Str:       It affects your strength (+2).
   Dex:       It affects your dexterity (-4).
   rF:        It renders you almost immune to fire.
   rCorr:     It protects you from acid and corrosion.
 n - a +1 kite shield (worn)
 p - a +1 helmet (worn)
 s - a +0 chain mail (worn)
 F - a +1 pair of gloves (worn)
 G - a +0 pair of boots (worn)
Jewellery
 i - a ring of magical power (left hand)
 z - an amulet of guardian spirit (around neck)
 B - a ring of protection from cold (right hand)
Wands
 b - a wand of quicksilver (22)
 g - a wand of polymorph (7)
 u - a wand of flame (28)
 E - a wand of iceblast (11)
Scrolls
 c - 5 scrolls of blinking
 d - a scroll of teleportation
 o - 2 scrolls of fog
 v - a scroll of amnesia
 x - 2 scrolls of identify
 A - a scroll of enchant weapon
 H - a scroll of enchant armour
Potions
 e - 3 potions of flight
 h - 4 potions of curing
 k - a potion of might
 l - a potion of invisibility
 q - a potion of mutation
 C - a potion of resistance


   Skills:
 + Level 8.5(13.5) Fighting
 + Level 10.8(15.8) Axes
 + Level 9.6(14.6) Armour
 + Level 8.7(13.7) Shields
 * Level 7.4 Invocations
 * Level 7.5 Evocations


You had 11 spell levels left.
You didn't know any spells.
Your spell library contained the following spells:

 Spells                   Type           Power      Damage    Failure   Level
 Beastly Appendage        Tmut           0%         N/A       98%         1
 Poisonous Vapours        Pois/Air       0%         N/A       99%         2
 Wereblood                Tmut           0%         N/A       99%         2
 Spider Form              Tmut/Pois      0%         N/A       100%        3
 Corpse Rot               Necr/Pois/Air  0%         N/A       100%        4


Dungeon Overview and Level Annotations

Branches:
Dungeon (8/15)             Temple (1/1) D:7            Lair (4/6) D:8
  Snake (0/4) Lair:2
  Swamp: Lair:2-4    Shoals: Lair:2-4

Altars:
Ashenzari
Cheibriados
Dithmenos
Elyvilon
Gozag
Hepliaklqana
Kikubaaqudgha
Makhleb
Okawaru
Qazlal
Sif Muna
Trog
Vehumet
Zin

Shops:
D:6 ?

Annotations:
Lair:1 exclusion: oklob plant


Innate Abilities, Weirdness & Mutations

You are immune to sickness and miasma.
Your stone body is resilient. (AC +8)
You are immune to poison.
You resist negative energy. (rN+)
You are resistant to electric shocks. (rElec)
You are resistant to unholy torment.
You are immune to petrification.
You have supernaturally acute eyesight. (SInv)


Message History

The yak is almost dead.
You hit the yak but do no damage. You barely miss the yak.
You hit the death yak but do no damage. You hit the death yak.
You slash the yak! You completely miss the death yak.
Unknown command.
You hit the yak but do no damage.
The yak is almost dead.
You hit the yak. You completely miss the death yak.
You hit the death yak but do no damage. You slash the death yak!
You hit the yak but do no damage. You barely miss the yak.
You block the yak's attack. The yak gores you!
* * * LOW HITPOINT WARNING * * *
The yak barely misses you. You block the death yak's attack.
The death yak gores you but does no damage.
You slash the death yak!
The death yak is severely wounded.
You slash the yak! You hit the yak but do no damage.
You hit the death yak but do no damage. You slash the death yak!
You completely miss the yak. You hit the yak. The yak barely misses you.
You block the yak's attack. The yak closely misses you.
You block the death yak's attack.
You hit the death yak but do no damage.
The death yak is severely wounded.
You slash the yak!
You kill the yak!
Okawaru accepts your kill.
You slash the yak! x2
You kill the yak!
Okawaru accepts your kill.
You hit the death yak. x2; You hit the yak.
You block the yak's attack.
The death yak gores you but does no damage.
You completely miss the yak.
The yak is moderately wounded.
You hit the yak. You hit the yak but do no damage. x2
You slash the death yak! x2; You hit the death yak but do no damage.
The yak gores you but does no damage. You block the yak's attack.
The death yak closely misses you. The yak gores you but does no damage.
The death yak gores you but does no damage.
You block the yak's attack. The death yak gores you!
You die...

...........# #.....#...........
.........### #.................
..........# #......#........
........##########...............
........###....##................
........##..........?............
........#.<...........^..........
........##......YY...............
...†...........Y@Y.....#.........
...............YYY.....##........
.................................
...........................P.....
...P......................##.....
.........................##...#..
...........#.....###...........#.
...........###.####...........P#.
.........P## ######..............


You could see 3 death yaks and 4 yaks.

Vanquished Creatures
  2 hydras
  A catoblepas (Lair:2)
  7 cane toads
  A torpor snail (Lair:3)
  3 black mambas
  2 rime drakes (Lair:2)
  A komodo dragon (Lair:2)
  A polar bear (Lair:3)
  11 blink frogs
  2 wyverns
  4 basilisks
  23 yaks
  A steam dragon (D:8)
  Grum (D:8)
  3 nagas (Lair:2)
  Edmund (D:4)
  15 water moccasins
  Duvessa (D:7)
  5 ice beasts
  A sky beast (D:7)
  2 black bears
  4 ogres
  3 wolves
  2 centaurs
  A kobold brigand (D:5)
  2 gnoll sergeants
  8 bullfrogs
  A scorpion (D:5)
  9 wights
  Dowan (D:7)
  3 howler monkeys
  A hound (D:5)
  3 jellies
  2 gnoll shamans (D:7)
  7 iguanas
  4 orc wizards
  17 gnolls
  Robin (D:4)
  5 adders
  A shadow imp (D:5)
  2 worms
  9 dart slugs
  11 orcs
  An endoplasm (D:1)
  5 giant cockroaches
  11 goblins
  15 hobgoblins
  3 jackals (D:2)
  2 quokkas
  8 ball pythons
  5 bats
  5 frilled lizards
  6 kobolds
  5 rats
251 creatures vanquished.

Vanquished Creatures (others)
  15 fungi
  31 plants
46 creatures vanquished.

Grand Total: 297 creatures vanquished

Notes
Turn   | Place    | Note
-------+----------+-------------------------------------------
     0 | D:1      | bande the Gargoyle Fighter began the quest for the Orb.
     0 | D:1      | Reached XP level 1. HP: 14/14 MP: 1/1
    39 | D:1      | Reached XP level 2. HP: 7/19 MP: 2/2
   391 | D:1      | Reached skill level 2 in Axes
   626 | D:1      | Reached XP level 3. HP: 21/23 MP: 3/3
  1575 | D:2      | Reached XP level 4. HP: 26/29 MP: 4/4
  1778 | D:2      | Found a hazy altar of Hepliaklqana.
  1851 | D:2      | Identified the +1 leather armour "Hyf Ydom" {rF+++ rCorr
                  | Str+2 Dex-4}
  2839 | D:3      | Found a shadowy altar of Dithmenos.
  2839 | D:3      | Noticed a shadow
  2843 | D:3      | Found a hazy altar of Hepliaklqana.
  2923 | D:3      | Reached skill level 3 in Axes
  3148 | D:4      | Reached XP level 5. HP: 33/33 MP: 5/5
  3300 | D:4      | Reached skill level 1 in Evocations
  3382 | D:4      | Reached XP level 6. HP: 33/38 MP: 6/6
  3479 | D:4      | Found a broken altar of Ashenzari.
  3479 | D:4      | Noticed Robin
  3518 | D:4      | Killed Robin
  3644 | D:4      | Noticed Edmund
  3663 | D:4      | Killed Edmund
  3664 | D:4      | Reached skill level 4 in Axes
  4306 | D:5      | Entered Level 5 of the Dungeon
  4449 | D:5      | Reached XP level 7. HP: 32/44 MP: 7/7
  5694 | D:5      | Reached skill level 5 in Axes
  5694 | D:5      | Reached skill level 5 in Armour
  6010 | D:6      | Reached XP level 8. HP: 11/48 MP: 8/8
  6012 | D:6      | HP: 2/48 [iguana (3)]
  6013 | D:6      | Reached skill level 5 in Fighting
  6307 | D:6      | Found Ewinif's Magic Scroll Boutique.
  6482 | D:6      | Reached skill level 5 in Shields
  7390 | D:5      | Reached skill level 6 in Axes
  7602 | D:6      | Found a white marble altar of Elyvilon.
  8395 | D:7      | Found a staircase to the Ecumenical Temple.
  8414 | D:7      | Reached XP level 9. HP: 31/55 MP: 9/9
  8425 | Temple   | Entered the Ecumenical Temple
  8456 | Temple   | Became a worshipper of Warmaster Okawaru
  8823 | Temple   | Reached skill level 1 in Invocations
  9203 | D:7      | Found an opulent altar of Gozag.
  9331 | D:7      | Reached skill level 7 in Axes
  9612 | D:7      | Noticed Dowan
  9614 | D:7      | Noticed Duvessa
  9836 | D:7      | Killed Dowan
  9843 | D:7      | Killed Duvessa
  9843 | D:7      | Reached * piety under Okawaru
 10635 | D:8      | Reached ** piety under Okawaru
 10708 | D:7      | Reached XP level 10. HP: 32/61 MP: 12/12
 10710 | D:7      | Reached skill level 5 in Evocations
 11070 | D:7      | Reached skill level 8 in Axes
 12147 | D:8      | Noticed Grum
 12163 | D:8      | Killed Grum
 12163 | D:8      | Reached *** piety under Okawaru
 12506 | D:8      | Found a staircase to the Lair.
 12940 | D:8      | Gained mutation: You have supernaturally acute eyesight.
                  | (SInv) [potion of mutation]
 12942 | Lair:1   | Entered Level 1 of the Lair of Beasts
 12968 | D:8      | Received a gift from Okawaru
 13491 | Lair:1   | Found a shadowy altar of Dithmenos.
 13491 | Lair:1   | Noticed an oklob plant
 13808 | Lair:1   | Reached **** piety under Okawaru
 13809 | Lair:1   | Reached skill level 9 in Axes
 13809 | Lair:1   | Reached skill level 5 in Invocations
 13809 | Lair:1   | Reached XP level 11. HP: 58/67 MP: 14/14
 14452 | Lair:1   | Noticed a six-headed hydra
 14463 | Lair:1   | Killed a three-headed hydra
 14837 | Lair:1   | Reached ***** piety under Okawaru
 15809 | Lair:2   | Received a gift from Okawaru
 15905 | Lair:2   | Reached skill level 10 in Axes
 16762 | Lair:2   | Noticed a catoblepas
 16782 | Lair:2   | Killed a catoblepas
 16783 | Lair:2   | Reached XP level 12. HP: 56/73 MP: 16/16
 17456 | Lair:2   | Found a staircase to the Snake Pit.
 18907 | Lair:3   | Noticed a death yak
 18908 | Lair:3   | Noticed a death yak
 18908 | Lair:3   | Noticed a death yak
 19285 | Lair:4   | Noticed an eight-headed hydra
 19310 | Lair:3   | Killed a two-headed hydra
 19315 | Lair:3   | HP: 2/75 [black mamba (4)]
 19751 | Lair:3   | Received a gift from Okawaru
 19929 | Lair:3   | HP: 3/75 [yak (8)]
 19932 | Lair:3   | Slain by a death yak

Illustrated notes

Levels and vault maps discovered:
D:1:      erik_arrival_blinker_ship, layout_basic
D:2:      layout_loops_corners, basic_altar, hangedman_decor_riveting,
          minmay_tripent
D:3:      layout_basic, riverfiend_overflow_shadow_ancestor
D:4:      layout_loops_ring, amcnicky_altar_gilded, uniq_edmund, uniq_robin
D:5:      layout_basic
D:6:      layout_basic, kennysheep_mini_moat, serial_shops, shop
D:7:      layout_loops_cross, nicolae_gozag_seed_capital,
          minmay_temple_entry_drinking_statues, uniq_duvessa
D:8:      layout_cave_pools, minmay_lair_entry_grove, uniq_grum
Temple:   compressed_dpeg_circular_temple
Lair:1:   layout_long_grid, lemuel_oklob_altar
Lair:2:   layout_long_grid, minmay_snake_entry_guardpost_small
Lair:3:   layout_hall_layers, nicolae_volcano_entry_s_turn
Lair:4:   layout_misc_corridors, swamp_mist_pool

Skill      XL: |  1  2  3  4  5  6  7  8  9 10 11 12 |
---------------+-------------------------------------+-----
Axes           | 2 3 4 5 6 7 9 10 | 10.8
Fighting       | 4 5 6 7 8 |  8.5
Armour         | 4 5 6 7 9 |  9.6
Shields        | 4 5 6 7 8 |  8.7
Evocations     | 1 2 4 5 7 |  7.5
Invocations    | 3 5 6 7 |  7.4

Action                   |  1- 3 |  4- 6 |  7- 9 | 10-12 || total
-------------------------+-------+-------+-------+-------++-------
Melee: War axe           |    98 |   157 |   299 |   546 ||  1100
       Battleaxe         |       |       |       |    40 ||    40
Invok: Heroism           |       |       |       |     1 ||     1
  Use: Scroll            |     3 |    12 |     2 |     7 ||    24
       Potion            |       |       |     1 |     6 ||     7
Armor: Scale mail        |    59 |    71 |       |       ||   130
       Chain mail        |       |     8 |   239 |   529 ||   776
Dodge: Dodged            |    58 |    50 |    91 |   205 ||   404
Block: Buckler           |    32 |     4 |       |       ||    36
       Kite shield       |       |    62 |   203 |   452 ||   717

Table legend: (Time is in decaauts)
 A = Elapsed time spent in this place.
 B = Non-inter-level travel time spent in this place.
 C = Inter-level travel time spent in this place.
 D = Time resting spent in this place.
 E = Time spent auto-exploring this place.
 F = Levels seen in this place.
 G = Mean time per level.
                   A        B        C        D        E       F      G
               +--------+--------+--------+--------+--------+-----+--------+
         Total |  20296 |  20101 |    195 |   8690 |   8141 |  13 | 1561.2 |
       Dungeon |  13548 |  13353 |    195 |   5468 |   5846 |   8 | 1693.5 |
        Temple |    463 |    463 |      0 |    339 |      0 |   1 |  463.0 |
          Lair |   6284 |   6284 |      0 |   2883 |   2295 |   4 | 1571.0 |
               +--------+--------+--------+--------+--------+-----+--------+

Top non-repeatable levels by time:
     D:7: 2887 daAuts
  Lair:2: 2500 daAuts
     D:5: 2254 daAuts
     D:6: 2116 daAuts
  Lair:1: 1916 daAuts
     D:8: 1870 daAuts
  Lair:3: 1860 daAuts
     D:2: 1252 daAuts
     D:4: 1227 daAuts
     D:1: 1117 daAuts
     D:3: 823 daAuts
  Temple: 463 daAuts
  Lair:4: 7 daAuts
